 Dungeon Crawl Stone Soup version 0.30-a0-739-gea05faddec (webtiles) character file.

Game seed: 8950972043366840341

158 avis the Shooter (level 4, -7/36 HPs)
             Began as a Demigod Hexslinger on Feb 4, 2023.
             Mangled by a gnoll
             ... wielding a +0 halberd
             ... led by a gnoll bouda
              (8 damage)
             ... on level 4 of the Dungeon on Feb 5, 2023.
             The game lasted 00:20:49 (2736 turns).

avis the Shooter (Demigod Hexslinger)               Turns: 2736, Time: 00:20:50

Health: -7/36      AC:  3    Str: 11    XL:     4   Next: 94%
Magic:  8/8        EV: 13    Int: 15    God:
Gold:   22         SH:  0    Dex: 18    Spells: 4/5 levels left

rFire   . . .      SeeInvis .    a - +1 short sword (vamp)
rCold   . . .      Faith    .    (no shield)
rNeg    . . .      Spirit   .    c - +0 robe
rPois   .          Reflect  .    (no helmet)
rElec   .          Harm     .    (no cloak)
rCorr   .          Rampage  .    (no gloves)
Will    .....                    d - +0 pair of boots
Stlth   ++                       (no amulet)
HPRegen 0.26/turn                (no ring)
MPRegen 0.11/turn                (no ring)

@: no status effects
A: high MP 1, forlorn, divine attributes
a: no special abilities


You were on level 4 of the Dungeon.
You visited 1 branch of the dungeon, and saw 4 of its levels.

You collected 178 gold pieces.
You spent 156 gold pieces at shops.

Inventory:

Hand Weapons
 a - a +1 vampiric short sword (weapon)
 b - a +1 sling
 o - a +0 dagger
 r - a +0 falchion
 u - a +0 short sword of protection
Armour
 c - a +0 robe (worn)
 d - a +0 pair of boots (worn)
 q - an orb of mayhem
 t - a +0 ring mail of cold resistance
Scrolls
 e - a scroll of poison
 g - 9 scrolls of identify {unknown}
 i - a scroll of immolation {unknown}
 l - a scroll of torment {unknown}
 m - a scroll of enchant armour {unknown}
 n - a scroll of blinking {unknown}
Potions
 f - 2 potions of brilliance {unknown}
 h - a potion of ambrosia {unknown}
 j - a potion of degeneration {unknown}
 k - a potion of haste {unknown}
 p - a potion of mutation {unknown}
 s - a potion of curing {unknown}
 v - 2 potions of lignification
 w - a potion of heal wounds
 x - a potion of might


   Skills:
 - Level 2.0 Fighting
 - Level 4.0 Ranged Weapons
 * Level 2.4 Dodging
 - Level 1.0 Spellcasting
 - Level 3.0 Hexes


You had 4 spell levels left.
You knew the following spells:

 Your Spells              Type           Power      Damage    Failure   Level
a - Slow                  Hex            36%        N/A       7%          1

Your spell library contained the following spells:

 Spells                   Type           Power      Damage    Failure   Level
 Lesser Beckoning         Tloc           0%         N/A       36%         2
 Inner Flame              Hex/Fire       5%         N/A       36%         3
 Portal Projectile        Hex/Tloc       10%        N/A       36%         3
 Cause Fear               Hex            4%         N/A       56%         4
 Gell's Gravitas          Tloc           0%         N/A       58%         3
 Teleport Other           Tloc           0%         N/A       58%         3
 Dispersal                Tloc           0%         N/A       100%        6


Dungeon Overview and Level Annotations

Branches:
Dungeon (4/15)
 Temple: D:4-7

Shops:
D:3 !


Innate Abilities, Weirdness & Mutations

You have an increased reservoir of magic. (+10% MP)
You shall have no god before yourself.
Your divine heritage dramatically boosts your attributes as you level up.


Message History

There is an open door here.
There is an open door here.
You see here a +0 dagger.
You see here a +0 hand axe.
Done exploring.
Search for what [Enter for "."]? .
Things that are here:
4 stones; a +0 short sword
There is a stone staircase leading down here.
You climb downwards.
There is a stone staircase leading up here.
Fire: b) +1 sling
Press: ? - help, Q - select action, (/) - cycle Shift-Dir - straight line, f - ball python
Aim: a ball python (asleep, 98% to hit)
You shoot a sling bullet. The sling bullet hits the ball python!
You kill the ball python!
You hear a shout! x7
A gnoll comes into view. It is wielding a +0 halberd.
The gnoll shouts!
You hear a shout!
The gnoll hits you with a +0 halberd!
You hear a shout!
You see here a ball python corpse.
Fire: b) +1 sling
Press: ? - help, Q - select action, (/) - cycle Shift-Dir - straight line, f - gnoll
Aim: a gnoll, wielding a +0 halberd (66% to hit)
You shoot a sling bullet. The sling bullet hits the gnoll!
The gnoll is heavily wounded.
The gnoll closely misses you.
You feel a sense of dread.
a - a +1 vampiric short sword (weapon)
The gnoll hits you with a +0 halberd!
You closely miss the gnoll.
The gnoll is heavily wounded.
The gnoll hits you with a +0 halberd!
* * * LOW HITPOINT WARNING * * *
A gnoll bouda comes into view. It is wielding a +0 whip.
You hit the gnoll.
The gnoll is severely wounded.
The gnoll hits you with a +0 halberd!
You die...

## #.#
#g## ##@#
#<##
#g......#
#######.#


You could see a gnoll bouda and a gnoll.

Vanquished Creatures
  An orc priest (D:3)
  4 adders
  4 dart slugs (D:1)
  6 orcs (D:3)
  7 bats
  7 endoplasms
  2 giant cockroaches
  5 goblins
  8 hobgoblins
  4 jackals (D:1)
  7 kobolds
  3 quokkas
  6 ball pythons
  4 frilled lizards
  7 rats
75 creatures vanquished.

Notes
Turn   | Place    | Note
-------+----------+-------------------------------------------
     0 | D:1      | avis the Demigod Hexslinger began the quest for the Orb.
     0 | D:1      | Reached XP level 1. HP: 15/15 MP: 4/4
    23 | D:1      | Reached skill level 1 in Fighting
   224 | D:1      | Reached skill level 2 in Ranged Weapons
   350 | D:1      | Reached XP level 2. HP: 23/23 MP: 5/5
   658 | D:1      | Reached XP level 3. HP: 29/29 MP: 6/6
   920 | D:2      | You fall into a shaft and drop 2 floors!
  1198 | D:2      | Reached skill level 3 in Ranged Weapons
  1548 | D:2      | Reached XP level 4. HP: 36/36 MP: 8/8
  2072 | D:3      | Reached skill level 4 in Ranged Weapons
  2464 | D:3      | Found Turaje Loam's Distillery.
  2486 | D:3      | Bought a potion of heal wounds for 65 gold pieces
  2486 | D:3      | Bought a potion of lignification for 39 gold pieces
  2486 | D:3      | Bought a potion of might for 52 gold pieces
  2735 | D:4      | HP: 1/36 [gnoll/+0 halberd[a gnoll bouda] (12)]
  2736 | D:4      | Mangled by a gnoll

Illustrated notes

Levels and vault maps discovered:
D:1:      mushboom_english_gardens, layout_basic
D:2:      layout_basic
D:3:      minmay_bubble_buster, layout_loops_corners,
          mainiacjoe_overflow_brackets, serial_shops, nicolae_shop_statue_plus
D:4:      layout_loops_ring, lemuel_zombie_altar_yredelemnul,
          nicolae_overflow_quartered_altars, minmay_temple_entry_slanted,
          uniq_menkaure, uniq_duvessa, uniq_grinder, uniq_natasha

Skill      XL: |  1  2  3  4 |
---------------+-------------+-----
Fighting       | 1 2 |  2.0
Ranged Weapons | 2 3 4 |  4.0
Dodging        | 2 |  2.4
Hexes          | 3 |  3.0
Spellcasting   | |  1.0

Action                     |  1- 3 |  4- 6 || total
---------------------------+-------+-------++-------
  Melee: Dagger            |     1 |       ||     1
         Short sword       |       |    32 ||    32
   Fire: Sling             |   154 |    80 ||   234
   Cast: Slow              |     3 |       ||     3
 Armour: Robe              |    17 |    20 ||    37
  Dodge: Dodged            |    68 |    42 ||   110

Table legend: (Time is in decaauts)
 A = Elapsed time spent in this place.
 B = Non-inter-level travel time spent in this place.
 C = Inter-level travel time spent in this place.
 D = Time resting spent in this place.
 E = Time spent auto-exploring this place.
 F = Levels seen in this place.
 G = Mean time per level.
                   A        B        C        D        E       F      G
               +--------+--------+--------+--------+--------+-----+--------+
         Total |   2789 |   2505 |    284 |    226 |   1483 |   4 |  697.2 |
       Dungeon |   2789 |   2505 |    284 |    226 |   1483 |   4 |  697.2 |
               +--------+--------+--------+--------+--------+-----+--------+

Top non-repeatable levels by time:
     D:3: 1043 daAuts
     D:1: 920 daAuts
     D:2: 773 daAuts
     D:4: 51 daAuts
